 Dungeon Crawl Stone Soup version 0.30-a0-930-gb9d0489357 (webtiles) character file.

Game seed: 4570623469499223009

277 NinjaNoafa the Conjurer (level 6, -2/45 HPs)
             Began as a Draconian Conjurer on Mar 23, 2023.
             Slain by a gnoll
             ... wielding a +0 flail
              (4 damage)
             ... on level 4 of the Dungeon.
             The game lasted 00:07:41 (3199 turns).

NinjaNoafa the Conjurer (Draconian Conjurer)        Turns: 3199, Time: 00:07:42

Health: -2/45      AC:  6    Str:  9    XL:     6   Next: 4%
Magic:  2/13       EV: 12    Int: 20    God:
Gold:   98         SH:  0    Dex: 10    Spells: 12/15 levels left

rFire   . . .      SeeInvis .    a - +0 hand axe (freeze)
rCold   . . .      Faith    .    (no shield)
rNeg    . . .      Spirit   .    (body armour unavailable)
rPois   .          Reflect  .    (helmet restricted)
rElec   .          Rampage  .    (no cloak)
rCorr   .                        (no gloves)
Will    .....                    (no boots)
Stlth   ++                       (no amulet)
HPRegen 0.27/turn                (no ring)
MPRegen 0.13/turn                (no ring)

@: no status effects
A: AC +6, unfitting armour, cold-blooded
a: no special abilities


You were on level 4 of the Dungeon.
You visited 1 branch of the dungeon, and saw 4 of its levels.

You collected 122 gold pieces.
You spent 24 gold pieces at shops.

Inventory:

Hand Weapons
 a - a +0 hand axe of freezing (weapon)
Missiles
 c - a boomerang
 n - 5 poisoned darts
Wands
 e - a wand of iceblast (1)
Scrolls
 f - 3 scrolls of teleportation
 i - a scroll of blinking
 k - 2 scrolls of amnesia {unknown}
 l - a scroll of magic mapping {unknown}
 m - 2 scrolls of butterflies {unknown}
Potions
 b - 2 potions of brilliance {unknown}
 d - a potion of haste
 g - 2 potions of attraction
 h - 2 potions of might
 j - 2 potions of lignification


   Skills:
 - Level 1.7 Dodging
 - Level 1.7 Stealth
 + Level 5.0 Spellcasting
 - Level 5.0 Conjurations
 + Level 1.4 Translocations


You had 12 spell levels left.
You knew the following spells:

 Your Spells              Type           Power      Damage    Failure   Level
a - Magic Dart            Conj           100%       1d8       1%          1
b - Searing Ray           Conj           50%        2d6       2%          2

Your spell library contained the following spells:

 Spells                   Type           Power      Damage    Failure   Level
 Dazzling Flash           Conj/Hex       30%        N/A       12%         3
 Hailstorm                Conj/Ice       15%        3d5       12%         3
 Sublimation of Blood     Necr           5%         N/A       17%         2
 Wereblood                Tmut           5%         N/A       17%         2
 Iskenderun's Mystic Bla  Conj/Tloc      17%        2d5       30%         4
 Ozocubu's Armour         Ice            5%         N/A       34%         3
 Fulminant Prism          Conj/Hex       7%         3d7       38%         4
 Ice Form                 Ice/Tmut       5%         N/A       75%         4
 Metabolic Englaciation   Hex/Ice        2%         N/A       97%         5
 Simulacrum               Ice/Necr       2%         N/A       100%        6
 Summon Hydra             Summ           2%         N/A       100%        7


Dungeon Overview and Level Annotations

Branches:
Dungeon (4/15)
 Temple: D:4-7

Altars:
Okawaru

Shops:
D:3 *

Annotations:
D:2 1 runed translucent door, Crazy Yiuf
D:4 2 transporters


Innate Abilities, Weirdness & Mutations

Your plain brown scales are hard. (AC +6)
You cannot fit into any form of body armour.
You are cold-blooded and may be slowed by cold attacks.


Message History

Your Spellcasting skill increases to level 5!
The gnoll attacks as you move away! The gnoll hits you with a +0 flail.
* * * LOW HITPOINT WARNING * * *
The hobgoblin barely misses you. The gnoll attacks as you move away!
The gnoll hits you with a +0 flail.
* * * LOW HITPOINT WARNING * * *
The hobgoblin closely misses you.
The hobgoblin hits you but does no damage.
Casting: Searing Ray (safe; 2% risk of failure)
Confirm with . or Enter, or press ? or * to list all spells.
Aiming: Searing Ray (safe; 2% risk of failure)
Press: ? - help, Shift-Dir - straight line
Okay, then.
Okay, then.
The gnoll attacks as you move away! The gnoll hits you with a +0 flail.
* * * LOW HITPOINT WARNING * * *
Casting: Searing Ray (safe; 2% risk of failure)
Confirm with . or Enter, or press ? or * to list all spells.
Aiming: Searing Ray (safe; 2% risk of failure)
Press: ? - help, Shift-Dir - straight line, f - gnoll
Aim: a gnoll, wielding a +0 club (82% to hit)
The searing ray hits the hobgoblin!
You kill the hobgoblin!
The searing ray hits the gnoll.
The gnoll is lightly wounded. (Press . to maintain the ray.)
The gnoll completely misses you.
Casting: Searing Ray (safe; 2% risk of failure)
Confirm with . or Enter, or press ? or * to list all spells.
Restarting spell: Searing Ray (safe; 2% risk of failure)
Press: ? - help, Shift-Dir - straight line, f/p - gnoll
Aim: a gnoll, wielding a +0 club (lightly wounded, 82% to hit)
The searing ray hits the gnoll.
The gnoll is heavily wounded. (Press . to maintain the ray.)
The gnoll closely misses you.
The searing ray hits the gnoll!
You kill the gnoll!
The gnoll hits you with a +0 flail.
You die...

.......# ...
......# #..#
#.....###..#
#......#...#
+.........######
#...............
#...g......####
#.@)......#8P#
#..#......#P.#
#..###..#..#..#
#..# #....©#©/+
~ #..#
##†...#..# P~
#... #.)#.#P.#
≈≈ ....
#..#.#8P# ..
....# #....####
## .#....###
#........ ..


You could see a gnoll.

Vanquished Creatures
  A hound (D:4)
  Terence (D:3)
  An iguana (D:4)
  An orc wizard (D:3)
  Robin (D:1)
  6 gnolls
  2 adders
  A worm (D:2)
  2 dart slugs
  5 orcs
  6 endoplasms
  14 goblins
  5 hobgoblins
  8 jackals
  6 kobolds
  5 quokkas
  5 ball pythons
  8 bats
  3 frilled lizards
  7 rats
88 creatures vanquished.

Notes
Turn   | Place    | Note
-------+----------+-------------------------------------------
     0 | D:1      | NinjaNoafa the Draconian Conjurer began the quest for the
                  | Orb.
     0 | D:1      | Reached XP level 1. HP: 14/14 MP: 3/3
   198 | D:1      | Reached XP level 2. HP: 20/20 MP: 0/5
   323 | D:1      | Learned a level 2 spell: Searing Ray
   752 | D:2      | Noticed Robin
   768 | D:1      | Reached skill level 5 in Conjurations
   779 | D:1      | Reached XP level 3. HP: 22/26 MP: 1/6
   835 | D:1      | Killed Robin
  1206 | D:2      | Reached XP level 4. HP: 33/33 MP: 1/8
  1394 | D:2      | Found a runed translucent door.
  1395 | D:2      | Noticed Crazy Yiuf
  1519 | D:2      | Found a faded altar of an unknown god.
  1832 | D:3      | Found Nackame's General Store.
  1835 | D:3      | Bought a scroll of identify for 24 gold pieces
  1982 | D:3      | Noticed Terence
  1990 | D:3      | Killed Terence
  1991 | D:3      | Reached XP level 5. HP: 25/38 MP: 0/11
  2748 | D:4      | Noticed an orc warrior
  2828 | D:4      | Found an iron altar of Okawaru.
  2911 | D:4      | Reached skill level 1 in Translocations
  2939 | D:4      | Found a transporter.
  3183 | D:4      | Found a transporter.
  3191 | D:4      | Reached XP level 6. HP: 13/45 MP: 7/13
  3192 | D:4      | Reached skill level 5 in Spellcasting
  3196 | D:4      | HP: 1/45 [gnoll/+0 flail (5)]
  3199 | D:4      | Slain by a gnoll

Illustrated notes

Levels and vault maps discovered:
D:1:      saegor_arrival_miasma, layout_loops_ring, st_stairs_5
D:2:      layout_basic, hellmonk_ecumenical_altar_leap_of_faith,
          uniq_crazy_yiuf_cottage, uniq_robin
D:3:      layout_loops_corners, serial_shops, nicolae_shop_behind_doors,
          grunt_ministairs_13, chequers_hall_statues_wall_a, uniq_terence
D:4:      gammafunk_wand_slinger, layout_layer_cave,
          mainiacjoe_overflow_catwalk, minmay_temple_entry_poolview,
          chequers_serial_rivers_large_a, hangedman_decor_points,
          dk_noncrumbling_4, grunt_decor_junction

Skill      XL: |  1  2  3  4  5  6 |
---------------+-------------------+-----
Conjurations   | 5 |  5.0
Spellcasting   | 3 4 5 |  5.0
Translocations | 1 |  1.4
Dodging        | |  1.7
Stealth        | |  1.7

Action                     |  1- 3 |  4- 6 || total
---------------------------+-------+-------++-------
  Melee: Unarmed           |     8 |       ||     8
         Hand axe          |    27 |    15 ||    42
         Tailslap          |     1 |     2 ||     3
   Cast: Magic Dart        |    43 |    53 ||    96
         Searing Ray       |     8 |    16 ||    24
    Use: Potion            |     1 |     2 ||     3
         Scroll            |       |     8 ||     8
 Armour: Skin              |    23 |    14 ||    37
  Dodge: Dodged            |    64 |    19 ||    83

Table legend: (Time is in decaauts)
 A = Elapsed time spent in this place.
 B = Non-inter-level travel time spent in this place.
 C = Inter-level travel time spent in this place.
 D = Time resting spent in this place.
 E = Time spent auto-exploring this place.
 F = Levels seen in this place.
 G = Mean time per level.
                   A        B        C        D        E       F      G
               +--------+--------+--------+--------+--------+-----+--------+
         Total |   3198 |   2847 |    351 |     18 |   2020 |   4 |  799.5 |
       Dungeon |   3198 |   2847 |    351 |     18 |   2020 |   4 |  799.5 |
               +--------+--------+--------+--------+--------+-----+--------+

Top non-repeatable levels by time:
     D:3: 945 daAuts
     D:1: 941 daAuts
     D:2: 909 daAuts
     D:4: 401 daAuts
